 Dungeon Crawl Stone Soup version 0.20-a0-1122-gb7cbeb9 (webtiles) character file.

14662 Amnesiac the Frost Mage (level 11, 0/53 (54) HPs)
             Began as a Deep Elf Ice Elementalist on May 13, 2017.
             Was an Elder of Vehumet.
             Slain by a wolf (3 damage)
             ... on level 3 of the Lair of Beasts.
             The game lasted 00:21:58 (14764 turns).

Amnesiac the Frost Mage (DEIE)                     Turns: 14764, Time: 00:21:59

HP:   0/53 (54)     AC:  9    Str:  5    XL:     11   Next: 91%
MP:   7/37          EV: 12    Int: 27    God:    Vehumet [****..]
Gold: 881           SH:  4    Dex: 10    Spells: 20/32 levels left

rFire    + . .     SeeInvis .   k - +3 dagger
rCold    . . .     Gourm    .   O - +0 buckler
rNeg     + . .     Faith    .   I - +4 robe of the Sun {rPois rN+ Dex-5}
rPois    +         Spirit   .   F - +0 helmet of Beogh's Reproof {+Inv Int+3 Stlth+}
rElec    .         Reflect  .   e - +0 cloak
rCorr    .         Harm     .   (no gloves)
MR       ++...     Clarity  +   x - +0 pair of boots
Stlth    +++.......             (no amulet)
Regen    0.2/turn               M - ring of magical power
MPRegen  0.3/turn               R - ring of protection from magic

@: no status effects
A: thin skeletal structure 1, clarity, clumsy 1, fire resistance 1
a: Renounce Religion, Evoke Invisibility


You were on level 3 of the Lair of Beasts.
You worshipped Vehumet.
Vehumet was greatly pleased with you.
You were not hungry.

You visited 3 branches of the dungeon, and saw 14 of its levels.

You collected 881 gold pieces.

Inventory:

Hand Weapons
 k - a +3 dagger (weapon)
Missiles
 n - 2 throwing nets (quivered)
 C - 52 poisoned needles
 N - 7 needles of paralysis
 Z - 8 curare-tipped needles
Armour
 e - a +0 cloak (worn)
 i - a +1 robe of magic resistance
 x - a +0 pair of boots (worn)
 F - the +0 helmet of Beogh's Reproof (worn) {+Inv Int+3 Stlth+}
   (You took it off Robin on level 2 of the Dungeon)

   It affects your intelligence (+3).
   It lets you turn invisible.
   It makes you more stealthy.
 I - the +4 robe of the Sun (worn) {rPois rN+ Dex-5}
   (You took it off an orc wizard on level 9 of the Dungeon)

   It affects your dexterity (-5).
   It protects you from poison.
   It protects you from negative energy.
 O - a +0 buckler (worn)
 W - the +2 leather armour "Qaor" {rElec Str+2, unknown}
   (You found it on level 1 of the Lair of Beasts)

   It affects your strength (+2).
   It insulates you from electricity.
Magical Staves
 u - an uncursed staff of death
Jewellery
 M - a ring of magical power (left hand)
 P - a +3 ring of dexterity {unknown}
 R - a ring of protection from magic (right hand)
 X - an uncursed ring of see invisible {unknown}
Wands
 d - a wand of confusion (10/48)
 v - a wand of random effects (7/48)
 H - a wand of clouds (6/9)
 J - a wand of disintegration (9/24)
 L - a wand of digging (6/24)
 T - a wand of disintegration (11/24)
Scrolls
 f - a scroll of blinking {!r}
 g - 7 scrolls of teleportation {!r}
 h - 9 scrolls of remove curse {!r}
 l - 3 scrolls of recharging {!r}
 m - 4 scrolls of enchant weapon {!r}
 D - 3 scrolls of identify {!r}
 G - a scroll of magic mapping {!r}
 K - 2 scrolls of fog {!r}
 Q - a scroll of enchant armour {!r, unknown}
 V - 2 scrolls of amnesia {!r}
Potions
 a - 3 potions of curing {!q}
 j - 3 potions of agility {!q}
 q - a potion of brilliance {!q}
 s - 2 potions of flight {!q}
 t - 2 potions of magic {!q}
 A - a potion of ambrosia {!q, unknown}
 B - 4 potions of invisibility {!q}
 S - a potion of resistance {!q}
Books
 b - a book of Frost

   Spells                             Type                      Level
   a - Freeze                         Ice                          1
   b - Throw Frost                    Conjuration/Ice              2
   c - Ozocubu's Armour               Charms/Ice                   3
   d - Throw Icicle                   Conjuration/Ice              4
   e - Summon Ice Beast               Ice/Summoning                4
 o - a book of Debilitation

   Spells                             Type                      Level
   a - Corona                         Hexes                        1
   b - Slow                           Hexes                        2
   c - Inner Flame                    Hexes/Fire                   3
   d - Portal Projectile              Hexes/Translocation          3
   e - Cause Fear                     Hexes                        4
   f - Leda's Liquefaction            Hexes/Earth                  4
 r - a book of Misfortune

   Spells                             Type                      Level
   a - Confusing Touch                Hexes                        1
   b - Confuse                        Hexes                        3
   c - Gell's Gravitas                Translocation                3
   d - Petrify                        Transmutation/Earth          4
   e - Metabolic Englaciation         Hexes/Ice                    5
   f - Yara's Violent Unravelling     Hexes/Transmutation          5
 y - a book of Cantrips

   Spells                             Type                      Level
   a - Confusing Touch                Hexes                        1
   b - Animate Skeleton               Necromancy                   1
   c - Summon Small Mammal            Summoning                    1
   d - Apportation                    Translocation                1
Miscellaneous
 p - a fan of gales
 U - a phial of floods
Comestibles
 c - 9 bread rations
 w - 33 fruits
 z - 4 royal jellies
 E - 4 meat rations


   Skills:
 - Level 2.4 Dodging
 - Level 2.4 Stealth
 - Level 4.0 Shields
 + Level 11.0 Spellcasting
 * Level 11.7 Conjurations
 - Level 14.0 Ice Magic


You had 20 spell levels left.
You knew the following spells:

 Your Spells              Type           Power        Failure   Level  Hunger
a - Throw Icicle          Conj/Ice       ######..     1%          4    None
b - Ozocubu's Armour      Chrm/Ice       ######..     1%          3    None
c - Summon Ice Beast      Ice/Summ       ######..     2%          4    None
d - Freeze                Ice            ####         0%          1    None


Dungeon Overview and Level Annotations

Branches:
Dungeon (10/15)            Temple (1/1) D:6            Lair (3/6) D:10
    Orc (0/2) D:10
  Swamp: Lair:2-4    Shoals: Lair:2-4     Snake: Lair:2-4    Spider: Lair:2-4

Altars:
Ashenzari
Cheibriados
Elyvilon
Fedhas
Gozag
Hepliaklqana
Kikubaaqudgha
Nemelex Xobeh
Okawaru
Qazlal
Ru
Sif Muna
Trog
Uskayaw
Vehumet
Wu Jian
Xom
Zin
The Shining One
Beogh

Shops:
D:6 =:??


Innate Abilities, Weirdness & Mutations

You have a somewhat thin skeletal structure. (Dex +2, Stealth)
You possess an exceptional clarity of mind.
You are clumsy. (Dex -2)
Your flesh is heat resistant. (rF+)


Message History

Press: ? - help, Shift-Dir - straight line, f - wolf
Aim: a wolf The shard of ice hits the wolf.
The wolf is severely wounded.
The wolf barely misses you. You block the wolf's attack.
The wolf bites you but does no damage. The wolf closely misses you.
The wolf misses you.
Casting: Throw Icicle
Confirm with . or Enter, or press ? or * to list all spells.
Aiming: Throw Icicle
Press: ? - help, Shift-Dir - straight line, f/p - wolf
Aim: a wolf (severely wounded)
The shard of ice hits the wolf.
You kill the wolf!
Vehumet accepts your kill. You block the wolf's attack.
The wolf closely misses you. The wolf bites you but does no damage.
The wolf bites you! The wolf bites you.
* * * LOW HITPOINT WARNING * * *
Casting: Throw Icicle
Confirm with . or Enter, or press ? or * to list all spells.
Aiming: Throw Icicle
Press: ? - help, Shift-Dir - straight line, f - wolf
Aim: a wolf The shard of ice misses the wolf.
The wolf bites you.
* * * LOW HITPOINT WARNING * * *
You block the wolf's attack. x2; The wolf barely misses you.
The wolf bites you.
* * * LOW HITPOINT WARNING * * *
The wolf bites you but does no damage.
Casting: Throw Icicle
Confirm with . or Enter, or press ? or * to list all spells.
Aiming: Throw Icicle
Press: ? - help, Shift-Dir - straight line, f/p - wolf
Aim: a wolf The shard of ice misses the wolf.
The wolf bites you but does no damage. The wolf bites you.
* * * LOW HITPOINT WARNING * * *
You block the wolf's attack. The wolf barely misses you.
The wolf closely misses you.
Casting: Throw Icicle
Confirm with . or Enter, or press ? or * to list all spells.
You don't know that spell.
Okay, then.
Casting: Throw Icicle
Confirm with . or Enter, or press ? or * to list all spells.
Aiming: Throw Icicle
Press: ? - help, Shift-Dir - straight line, f/p - wolf
Aim: a wolf The shard of ice hits the wolf.
You kill the wolf!
Vehumet accepts your kill.
You feel your power returning. The wolf barely misses you. The wolf bites you.
* * * LOW HITPOINT WARNING * * *
The wolf misses you.
Unknown command.
Okay, then.
Casting: Throw Icicle
Confirm with . or Enter, or press ? or * to list all spells.
Aiming: Throw Icicle
Press: ? - help, Shift-Dir - straight line, f - wolf
Aim: a wolf The shard of ice misses the wolf.
The wolf bites you.
* * * LOW HITPOINT WARNING * * *
The wolf bites you.
You die...

. # ## ..
.#P## ...
#... ..
##..#.#
#.†h.# #@h#
#..†....P.
#...###....
##..# ..P
#..# . ....
...# .....


You could see 2 wolves.

Vanquished Creatures
  Erica (D:8)
  A two-headed ogre (D:10)
  The ghost of vuev the Destroyer, a journeyman DECj of Vehumet (D:10)
  A tengu warrior (D:10)
  Pikel (D:4)
  An ugly thing (D:10)
  Joseph (D:7)
  The ghost of slayr the Ruffian, a novice BaTm of Cheibriados (D:5)
  A komodo dragon (Lair:1)
  A spiny frog (Lair:1)
  A yaktaur (D:10)
  2 trolls (D:10)
  A hippogriff (Lair:2)
  Sigmund (D:4)
  3 slime creatures
  6 yaks
  A vampire (D:10)
  A wyvern (D:10)
  A basilisk (Lair:1)
  5 hungry ghosts
  3 water moccasins
  A porcupine (Lair:2)
  A slave (D:4)
  2 eyes of draining
  4 orc warriors
  3 sky beasts
  2 black bears
  4 ice beasts
  2 phantoms (D:6)
  A necrophage (D:9)
  7 ogres
  4 centaurs
  4 wolves (Lair:3)
  4 crocodiles
  A gnoll sergeant (D:10)
  6 bullfrogs
  A wyvern zombie (D:9)
  2 scorpions
  7 wights
  5 electric eels (D:10)
  7 crimson imps
  A bullfrog zombie (D:10)
  A centaur zombie (D:9)
  2 centaur skeletons
  5 hounds
  7 orc priests
  A jelly (D:8)
  14 orc wizards
  2 bullfrog skeletons
  Terence (D:2)
  3 iguanas
  7 worker ants
  A killer bee zombie (D:7)
  2 hound zombies
  A hound skeleton (D:10)
  Robin (D:2)
  2 worker ant zombies
  14 gnolls
  13 adders
  2 shadow imps (D:7)
  An adder skeleton (D:4)
  3 worms
  2 dart slugs
  4 leopard geckos
  52 orcs
  5 ball pythons
  6 giant cockroaches
  15 goblins
  3 hobgoblins
  11 jackals
  8 kobolds
  7 quokkas
  9 bats
  7 frilled lizards
  A jackal skeleton (D:4)
  A leopard gecko skeleton (D:6)
  2 quokka skeletons
  14 rats
  A fungus (D:10)
335 creatures vanquished.

Vanquished Creatures (others)
  An orc (D:4)
  A jackal skeleton (D:4)
2 creatures vanquished.

Grand Total: 337 creatures vanquished

Notes
Turn   | Place    | Note
-------+----------+-------------------------------------------
     0 | D:1      | Amnesiac the Deep Elf Ice Elementalist began the quest for the Orb.
     0 | D:1      | Reached XP level 1. HP: 10/10 MP: 6/6
   131 | D:1      | Reached XP level 2. HP: 10/15 MP: 4/8
   176 | D:1      | Reached skill level 4 in Ice Magic
   478 | D:2      | Reached XP level 3. HP: 19/19 MP: 5/10
   483 | D:2      | Learned a level 3 spell: Ozocubu's Armour
   728 | D:4      | Reached XP level 4. HP: 9/24 MP: 8/12
   734 | D:4      | Learned a level 4 spell: Throw Icicle
   990 | D:4      | Noticed a slave
   991 | D:4      | Noticed a slave
   992 | D:4      | Noticed Pikel
   993 | D:4      | Noticed a slave
  1154 | D:3      | Found a sacrificial altar of Ru.
  1231 | D:4      | Reached XP level 5. HP: 20/28 MP: 8/13
  1327 | D:2      | Noticed Robin
  1375 | D:4      | Noticed Sigmund
  1468 | D:4      | Killed Sigmund
  1468 | D:4      | Reached skill level 5 in Conjurations
  1468 | D:4      | Reached XP level 6. HP: 6/32 MP: 1/14
  1852 | D:4      | Noticed a slave
  1868 | D:4      | Killed a slave
  1877 | D:4      | Killed Pikel
  1877 | D:4      | Reached XP level 7. HP: 32/36 MP: 1/15
  2182 | D:5      | Entered Level 5 of the Dungeon
  2660 | D:5      | Found a glowing golden altar of the Shining One.
  2763 | D:5      | Noticed slayr's ghost (novice BaTm)
  2826 | D:5      | Killed slayr's ghost
  2826 | D:5      | Reached skill level 6 in Ice Magic
  2826 | D:5      | Reached XP level 8. HP: 35/41 MP: 1/16
  3119 | D:5      | Reached skill level 7 in Ice Magic
  3123 | D:5      | Gained mutation: You have a somewhat thin skeletal structure. (Dex +2, Stealth) [mutagenic meat]
  3124 | D:5      | Gained mutation: You are clumsy. (Dex -2) [mutagenic meat]
  3125 | D:5      | Gained mutation: Your flesh is heat resistant. (rF+) [mutagenic meat]
  3227 | D:5      | Learned a level 4 spell: Summon Ice Beast
  3286 | D:6      | Reached skill level 8 in Ice Magic
  3628 | D:6      | Found a shattered altar of Ashenzari.
  3729 | D:6      | Reached skill level 9 in Ice Magic
  3733 | D:6      | Found Ucias's Book Emporium.
  4027 | D:6      | Found Piemot's Jewellery Boutique.
  4547 | D:6      | Reached XP level 9. HP: 31/45 MP: 11/17
  4548 | D:6      | Found Emihaim's Magic Scroll Emporium.
  4552 | D:6      | Reached skill level 10 in Ice Magic
  4737 | D:6      | Found a staircase to the Ecumenical Temple.
  4743 | Temple   | Entered the Ecumenical Temple
  4749 | Temple   | Became a worshipper of Vehumet
  4779 | D:6      | Found Goigiych's Magic Scroll Emporium.
  5681 | D:2      | Noticed Terence
  5687 | D:2      | Killed Robin
  5691 | D:2      | Reached * piety under Vehumet
  5691 | D:2      | Offered knowledge of Sting by Vehumet.
  5709 | D:2      | Killed Terence
  5889 | D:2      | Got a faintly glowing helmet
  6867 | D:3      | Offered knowledge of Magic Dart by Vehumet.
  6988 | D:3      | Found a stormy altar of Qazlal.
  6994 | D:3      | Reached ** piety under Vehumet
  7363 | D:7      | Reached skill level 11 in Ice Magic
  7907 | D:7      | Noticed Joseph
  7940 | D:7      | Killed Joseph
  7940 | D:7      | Reached skill level 12 in Ice Magic
  7978 | D:7      | Identified the +0 helmet of Beogh's Reproof {+Inv Int+3 Stlth+} (You took it off Robin on level 2 of the Dungeon)
  8441 | D:8      | Found a blossoming altar of Fedhas.
  8574 | D:8      | Noticed Erica
  8577 | D:8      | Killed Erica
  8577 | D:8      | Reached skill level 13 in Ice Magic
  8577 | D:8      | Reached XP level 10. HP: 33/50 MP: 18/18
  8672 | D:8      | Offered knowledge of Throw Flame by Vehumet.
  8726 | D:8      | Found a glowing silver altar of Zin.
  9270 | D:8      | Found a hazy altar of Hepliaklqana.
  9474 | D:9      | Reached skill level 14 in Ice Magic
  9630 | D:8      | HP: 2/50 [slime creature (14)]
  9958 | D:9      | Reached skill level 5 in Spellcasting
 10261 | D:9      | Reached *** piety under Vehumet
 10458 | D:9      | Found an opulent altar of Gozag.
 10811 | D:9      | Got a distressingly furry robe
 11107 | D:9      | Offered knowledge of Inner Flame by Vehumet.
 11494 | D:9      | Reached XP level 11. HP: 28/53 MP: 11/26
 11645 | D:10     | Entered Level 10 of the Dungeon
 11659 | D:10     | Found a sacrificial altar of Ru.
 11694 | D:10     | Noticed vuev's ghost (journeyman DECj)
 11701 | D:10     | Killed vuev's ghost
 11845 | D:10     | Reached **** piety under Vehumet
 11855 | D:10     | Offered knowledge of Stone Arrow by Vehumet.
 11859 | D:10     | Found a roughly hewn altar of Beogh.
 11891 | D:10     | Found a staircase to the Orcish Mines.
 11902 | D:10     | Found a staircase to the Lair.
 11913 | D:10     | Reached skill level 10 in Conjurations
 12594 | D:10     | Reached skill level 1 in Shields
 12644 | D:10     | Noticed a white ugly thing
 12659 | D:10     | Killed a white ugly thing
 12844 | D:10     | Identified the +4 robe of the Sun {rPois rN+ Dex-5} (You took it off an orc wizard on level 9 of the Dungeon)
 12991 | D:10     | Noticed a two-headed ogre
 13002 | D:10     | Killed a two-headed ogre
 13155 | D:10     | Noticed a tengu warrior
 13158 | D:10     | Killed a tengu warrior
 13158 | D:10     | Reached skill level 10 in Spellcasting
 13399 | D:10     | Gained mutation: You possess an exceptional clarity of mind. [mutagenic meat]
 13493 | Lair:1   | Entered Level 1 of the Lair of Beasts
 13786 | Lair:1   | Got a warped leather armour
 14764 | Lair:3   | Slain by a wolf

Vault maps used:
D:1:      dpeg_arrival_signposts
D:2:      uniq_terence, uniq_robin
D:3:      nicolae_overflow_crystal_walls, grunt_qazlal_clouds
D:4:      uniq_pikel, uniq_sigmund
D:5:      tso_oasis_becter, first_bread
D:6:      evilmike_ruin_ashenzari, minmay_temple_entry_butterflies,
          serial_shops, shop, shop_scrolls, nicolae_shop_stone,
          nicolae_shop_stone, hex_large
D:7:      uniq_joseph
D:8:      lemuel_crystal_altar, kennysheep_mini_moat, basic_altar, uniq_erica
D:9:      nicolae_gozag_seed_capital
D:10:     hangedman_cross_stitches, orc_0_dummy, special_room, grunt_tengu_nest,
          nicolae_ru_the_path_less_chosen
Temple:   nicolae_temple_x_marks_the_god
Lair:1:   grunt_forest_stairs_basic, wad_woods_road_02,
          minmay_stone_trees_medium
Lair:2:   grunt_megastairs_2
Lair:3:   dummy_snake_entry, st_stairs_5, serial_bayou_pond_e, uniq_fannar

Skill      XL: |  1  2  3  4  5  6  7  8  9 10 11 |
---------------+----------------------------------+-----
Ice Magic      | 4 6 9 13 14 | 14.0
Spellcasting   | 4 9 11 | 11.0
Conjurations   | 3 5 8 9 11 | 11.7
Shields        | 4 |  4.0
Dodging        | |  2.4
Stealth        | |  2.4

Action                   |  1- 3 |  4- 6 |  7- 9 | 10-12 || total
-------------------------+-------+-------+-------+-------++-------
Melee: Unarmed           |     8 |       |    18 |       ||    26
       Quarterstaff      |       |     6 |       |    23 ||    29
       Staff             |       |       |    16 |       ||    16
       Dagger            |       |       |     2 |       ||     2
 Cast: Freeze            |    46 |    59 |   214 |   139 ||   458
       Throw Icicle      |       |     4 |    67 |   217 ||   288
       Ozocubu's Armour  |       |     1 |     1 |       ||     2
Evoke: Wand              |       |       |    12 |       ||    12
  Use: Scroll            |       |     6 |     8 |     3 ||    17
       Potion            |       |     2 |     4 |       ||     6
  Eat: Chunk             |       |     3 |    29 |    24 ||    56
       Royal jelly       |       |       |     2 |       ||     2
       Fruit             |       |       |     1 |       ||     1
       Bread ration      |       |       |       |     2 ||     2
Armor: Robe              |     6 |    10 |    57 |    55 ||   128
       Skin              |       |       |    13 |       ||    13
Dodge: Dodged            |    31 |    30 |   139 |   136 ||   336
Block: Buckler           |       |       |       |     7 ||     7
